Map: Catalyst LE

Players

TYTY (TY) - Winner!

  • Race: Terran Terran
  • League: Master
  • Spawn Location: 5:00

Solar

  • Race: Zerg Zerg
  • League: Master
  • Spawn Location: 11:00

Event: Memes & Dreams Invitational

VOD

https://www.youtube.com/watch?v=jXC3EHsY754

Description

Time

  • Played on: April 15, 2018, 5:26 a.m.
  • Length: 10:08

All games in this series

Show
View Real Time Build Order
Export as new Build Order

TYTY Terran - Winner!

Build Orders: Reaper Expand, MMM Bio 

Get SALT Encoding   

  12  0:00  SCV  
  13  0:12  SCV  
  14  0:17  Supply Depot  
  14  0:24  SCV  
  15  0:38  SCV  
  15  0:39  Barracks  
  16  0:44  Refinery  
  16  0:50  SCV  
  17  1:03  SCV  
  18  1:15  SCV  
  19  1:27  Reaper, Orbital Command  
  20  1:40  Command Center  
  20  1:49  Supply Depot  
  20  1:53  SCV  
  21  1:58  Marine  
  22  2:07  Factory  
  22  2:09  SCV  
  22  2:15  Refinery  
  23  2:21  Barracks Reactor, SCV  
  24  2:33  SCV  
  25  2:45  SCV  
  26  2:52  Orbital Command  
  26  2:54  Starport  
  26  2:57  SCV  
  27  3:01  Hellion x2  
  31  3:06  Barracks Tech Lab  
  31  3:09  SCV  
  32  3:19  SCV  
  33  3:21  SCV  
  33  3:24  Hellion  
  38  3:29  Stimpack  
  38  3:30  Viking  
  38  3:31  SCV  
  39  3:35  Hellion  
  39  3:39  Supply Depot  
  41  3:42  SCV  
  41  3:45  SCV  
  42  3:56  SCV  
  42  3:59  Marine  
  42  4:02  SCV  
  41  4:05  Starport Reactor  
  41  4:11  Factory Tech Lab  
  41  4:12  SCV  
  41  4:13  Barracks  
  41  4:14  SCV  
  41  4:15  Barracks  
  43  4:17  Marine  
  44  4:24  SCV  
  44  4:27  Supply Depot  
  44  4:29  SCV  
  44  4:30  Engineering Bay  
  44  4:31  Siege Tank  
  49  4:35  Marine, Refinery  
  49  4:38  SCV  
  51  4:39  Supply Depot  
  51  4:42  SCV  
  52  4:48  Starport Reactor  
  52  4:50  Supply Depot  
  52  4:52  Marine, SCV  
  53  4:56  Terran Infantry Weapons Level 1  
  53  4:58  Refinery  
  55  5:03  Siege Tank  
  55  5:04  Marine x2  
  55  5:06  SCV x2  
  61  5:10  Marine, Supply Depot  
  61  5:11  Marine x2  
  64  5:22  Marine x2  
  64  5:25  Medivac  
  64  5:26  Medivac  
  64  5:28  Marine x2  
  72  5:29  Marine  
  72  5:33  Supply Depot  
  72  5:34  Supply Depot  
  73  5:39  Marine, Siege Tank  
  73  5:41  Marine  
  78  5:46  Marine  
  78  5:47  Marine, Combat Shields  
  78  5:49  SCV  
  82  5:50  SCV  
  82  5:52  Supply Depot  
  82  5:57  Medivac  
  82  5:58  Marine x3  
  87  6:05  SCV x2  
  87  6:07  Supply Depot, Medivac  
  91  6:11  Marine x2  
  93  6:19  Siege Tank  
  93  6:20  Marine x3  
  99  6:27  SCV  
  99  6:28  Supply Depot, SCV  
  99  6:29  Marine  
  102  6:37  Marine  
  102  6:38  Marine x2, Medivac  
  102  6:39  Medivac  
  110  6:40  SCV x2  
  109  6:50  Marine x2  
  105  6:55  Marine  
  105  6:56  SCV  
  90  7:04  Siege Tank  
  90  7:06  Marine x2  
  88  7:08  Medivac  
  88  7:10  Marine, SCV  
  88  7:13  SCV  
  92  7:19  Marine  
  92  7:20  Marine  
  88  7:30  Medivac  
  88  7:35  Marine x2  
  89  7:42  SCV x2  
  89  7:43  Siege Tank  
  94  7:48  Marine x2  
  96  7:57  Marine x2  
  98  8:00  SCV x2  
  98  8:04  Terran Infantry Armor Level 1  
  97  8:12  SCV  
  96  8:13  Marine x3  
  99  8:23  Command Center  
  99  8:28  Liberator  
  99  8:31  Marine  
  96  8:34  Marine  
  96  8:35  Marine x2  
  96  8:38  SCV x2  
  96  8:39  Marine  
  97  8:45  Engineering Bay, Armory  
  100  8:48  Marine  
  100  8:53  Marine x3  
  104  8:57  Medivac  
  106  9:07  Marine x2  
  106  9:09  SCV  
  109  9:15  Marine x2  
  108  9:17  Siege Tank  
  108  9:23  Marine  
  112  9:25  Barracks, Marine  
  112  9:27  Barracks  
  112  9:28  SCV x2  
  112  9:30  Marine  
  116  9:32  Marine  
  116  9:33  Marine  
  118  9:40  Marine  
  118  9:49  Marine  
  118  9:50  Marine  
Show
View Real Time Build Order
Export as new Build Order

Solar Zerg 

Build Orders: Hatch First 

Get SALT Encoding   

  12  0:02  Drone  
  13  0:13  Overlord  
  13  0:17  Drone  
  14  0:31  Drone x2  
  16  0:39  Drone  
  17  0:52  Hatchery  
  17  0:55  Drone  
  17  0:59  Drone  
  17  1:02  Extractor  
  17  1:14  Spawning Pool  
  17  1:17  Drone  
  17  1:20  Drone  
  18  1:29  Drone  
  19  1:40  Overlord  
  19  2:01  Queen  
  19  2:02  Zergling x4  
  19  2:04  Queen  
  19  2:05  Drone  
  19  2:07  Metabolic Boost  
  26  2:15  Drone x2  
  28  2:23  Drone  
  28  2:26  Drone  
  30  2:34  Drone  
  31  2:37  Overlord  
  31  2:40  Queen  
  32  2:47  Drone x2  
  34  2:58  Hatchery  
  33  3:00  Drone  
  33  3:02  Drone  
  34  3:06  Drone  
  34  3:10  Drone  
  36  3:16  Drone x3  
  36  3:19  Drone x2  
  41  3:29  Overlord  
  41  3:30  Drone  
  42  3:39  Zergling x2  
  43  3:50  Zergling x4  
  43  3:53  Drone x2  
  43  3:54  Drone x2  
  43  3:55  Drone  
  44  3:56  Drone  
  44  4:00  Queen  
  44  4:02  Drone  
  48  4:06  Overlord  
  48  4:08  Drone  
  48  4:09  Queen  
  49  4:11  Drone, Evolution Chamber  
  49  4:12  Evolution Chamber  
  50  4:19  Drone  
  50  4:20  Drone  
  50  4:21  Extractor  
  50  4:22  Drone  
  52  4:28  Drone  
  52  4:31  Drone x2, Overlord  
  53  4:32  Drone x3  
  53  4:34  Overlord  
  58  4:40  Zerg Ground Armor Level 1  
  58  4:43  Zerg Melee Weapons Level 1  
  58  4:46  Overlord  
  58  4:50  Overlord  
  58  4:51  Drone  
  59  4:53  Drone  
  59  4:54  Drone  
  59  4:55  Drone  
  59  4:57  Drone  
  59  4:58  Drone  
  59  4:59  Drone  
  65  5:01  Drone  
  66  5:07  Lair  
  66  5:09  Drone x3  
  66  5:10  Drone  
  66  5:13  Baneling Nest  
  69  5:15  Drone  
  69  5:16  Extractor x2  
  69  5:19  Zergling x6  
  71  5:21  Drone  
  71  5:22  Drone  
  71  5:23  Drone  
  71  5:24  Drone  
  71  5:25  Drone  
  76  5:29  Drone x2, Zergling x2  
  76  5:35  Overlord  
  79  5:36  Zergling x2  
  79  5:41  Zergling x4  
  81  5:43  Overlord  
  81  5:52  Queen  
  81  5:53  Overlord, Zergling x2  
  81  5:54  Zergling x4  
  81  5:55  Zergling x4  
  88  5:57  Zergling x2, Hatchery  
  88  5:59  Baneling x4  
  88  6:00  Baneling  
  88  6:01  Zergling x2  
  88  6:03  Zergling x4  
  90  6:05  Zergling x4  
  90  6:06  Zergling x2  
  90  6:07  Overseer  
  92  6:12  Baneling  
  92  6:13  Baneling x2  
  92  6:14  Zergling x2  
  92  6:15  Zergling x2  
  92  6:17  Overlord  
  94  6:21  Zergling x2  
  94  6:22  Zergling x8  
  94  6:25  Zergling x4  
  101  6:29  Zergling x4  
  101  6:32  Zergling x2  
  104  6:36  Queen x2  
  104  6:39  Baneling x4  
  108  6:40  Overlord  
  108  6:41  Overlord  
  108  6:43  Overlord  
  108  6:44  Overlord  
  101  6:48  Zergling x4  
  101  6:49  Zergling x2  
  101  6:53  Baneling  
  103  6:56  Zergling x4  
  103  7:00  Queen  
  103  7:01  Zergling x4  
  97  7:05  Zergling x8  
  97  7:06  Zergling x2  
  97  7:07  Zergling x2  
  95  7:11  Queen  
  95  7:13  Zergling x6  
  93  7:19  Zergling x2, Baneling Nest  
  93  7:21  Zergling x4  
  93  7:22  Queen  
  91  7:26  Zergling x4  
  87  7:32  Zergling x2  
  87  7:33  Zergling x2  
  87  7:37  Queen  
  87  7:38  Zergling x2  
  87  7:42  Zergling x2  
  87  7:43  Zergling x2  
  91  7:46  Zergling x2  
  91  7:47  Queen  
  91  7:49  Zergling x2  
  95  7:52  Zergling x2  
  95  7:53  Zergling x2  
  95  7:58  Zergling x2  
  92  8:05  Centrifical Hooks  
  92  8:08  Zergling x8  
  92  8:09  Zergling x2  
  90  8:14  Zergling x6  
  90  8:15  Zergling x4  
  90  8:16  Baneling x6  
  90  8:18  Zergling x2  
  90  8:28  Zergling x2  
  90  8:30  Baneling x3  
  89  8:34  Hatchery  
  89  8:37  Zergling x6  
  88  8:48  Zergling x4  
  88  8:52  Baneling x7  
  89  8:56  Overlord  
  89  9:00  Zergling x2  
  89  9:01  Zergling x6  
  93  9:05  Queen  
  93  9:07  Zergling x2  
  96  9:12  Zergling x2  
  96  9:15  Baneling  
  95  9:18  Zergling x2  
  98  9:24  Zergling x2  
  93  9:32  Zergling x2  
  93  9:38  Zergling x2  
  89  9:43  Zergling x2  
  80  9:48  Zergling x4, Hatchery  
  73  9:53  Baneling x6  
Tags
 
Add a new tag
Caveats
  • Supply blocks, unpowered buildings, or Contaminate may cause inaccurate times.
  • Supply counts are checked every 10 seconds.